 Dungeon Crawl Stone Soup version 0.30-a0-652-gcc886f7154 (webtiles) character file.

Game seed: 9667908502512680919

50 Dittersdorf the Shield-Bearer (level 3, -3/24 HPs)
             Began as a Gargoyle Fighter on Jan 17, 2023.
             Slain by an orc wizard
             ... wielding a +4 dagger
              (5 damage)
             ... on level 3 of the Dungeon.
             The game lasted 00:01:49 (1512 turns).

Dittersdorf the Shield-Bearer (Gargoyle Fighter)    Turns: 1512, Time: 00:01:50

Health: -3/24      AC: 12    Str: 21    XL:     3   Next: 79%
Magic:  3/3        EV:  0    Int:  8    God:
Gold:   97         SH: 11    Dex:  9    Spells: 2/2 levels left

rFire   . . .      SeeInvis .    a - +0 flail
rCold   . . .      Faith    .    g - +0 tower shield
rNeg    + . .      Spirit   .    l - +0 chain mail
rPois   ∞          Reflect  .    (no helmet)
rElec   +          Harm     .    (no cloak)
rCorr   .          Rampage  .    (no gloves)
Will    .....                    (no boots) Stlth
                                 (no amulet)
HPRegen 0.24/turn                (no ring)
MPRegen 0.08/turn                (no ring)

@: constricted
A: sickness immunity, AC +3, negative energy resistance 1, electricity
resistance, torment resistance 1, petrification resistance
a: no special abilities


You were on level 3 of the Dungeon.
You visited 1 branch of the dungeon, and saw 3 of its levels.

You collected 97 gold pieces.

Inventory:

Hand Weapons
 a - a +0 flail (weapon)
Armour
 g - a +0 tower shield (worn)
 l - a +0 chain mail (worn)
Scrolls
 e - 2 scrolls of amnesia {unknown}
 f - 3 scrolls of identify {unknown}
 i - a scroll of blinking {unknown}
 j - a scroll of poison {unknown}
 n - a scroll of teleportation {unknown}
Potions
 b - a potion of curing {unknown}
 c - a potion of attraction {unknown}
 d - a potion of might
 h - a potion of magic {unknown}
 k - 2 potions of brilliance {unknown}
 m - a potion of haste


   Skills:
 + Level 3.8 Fighting
 + Level 2.6 Maces & Flails
 + Level 3.7 Armour
 + Level 3.8 Shields


You had 2 spell levels left.
You didn't know any spells.
Your spell library was empty.

Dungeon Overview and Level Annotations

Branches:
Dungeon (3/15)

Altars:


Innate Abilities, Weirdness & Mutations

You are immune to sickness and miasma.
Your stone body is resilient. (AC +3)
You are immune to poison.
You resist negative energy. (rN+)
You are resistant to electric shocks. (rElec)
You are resistant to unholy torment.
You are immune to petrification.


Message History

The orc wizard flickers and vanishes!
Deactivating autopickup; reactivate with Ctrl-A.
An orc comes into view. It is wielding a +0 mace.
The orc moves out of view.
A ball python comes into view.
The orc shouts!
The ball python hisses angrily.
Something tries to affect you, but you resist.
You hit something.
You hear some strange, mumbled words.
A puff of flame appears from out of thin air!
The puff of flame hits you.
An orc comes into view. It is wielding a +0 dagger.
You closely miss the orc. Something hits you but does no damage.
You completely miss the orc.
You hear some strange, mumbled words.
Something tries to affect you, but you resist.
The orc hits you but does no damage.
You sock the orc!
You kill the orc!
Something hits you.
You are too injured to fight recklessly!
You are too injured to fight recklessly!
You are too injured to fight recklessly!
You are too injured to fight recklessly!
The ball python bites you but does no damage.
You block the ball python's attack. Something hits you but does no damage.
The orc hits you but does no damage. x2
The ball python bites you but does no damage.
The ball python barely misses you.
You barely miss the orc. You block the ball python's attack.
The ball python grabs you. The ball python constricts you.
You hear some strange, mumbled words.
A magic dart appears from out of thin air!
The magic dart hits you!
* * * LOW HITPOINT WARNING * * *
You block the orc's attack. The orc completely misses you.
The ball python bites you but does no damage.
The ball python constricts you.
You closely miss the orc. Something hits you.
You die...

+.........+
#.........#
#.......# #.....###
# ##.<..†.# #.##
#..###.#
#.#...##..###.###
#.....S#........#
#.....o@{...#.#.###.
......o#....<.......
#.#...#.....#.#.####
##.###........# #.
#......### .
######## #


You could see 2 orcs and a ball python.

Vanquished Creatures
  A dart slug (D:2)
  An orc (D:3)
  4 bats
  4 endoplasms (D:1)
  2 giant cockroaches
  5 hobgoblins
  3 jackals (D:1)
  A quokka (D:1)
  4 ball pythons
  3 frilled lizards (D:1)
  6 goblins
  2 kobolds
  6 rats
42 creatures vanquished.

Notes
Turn   | Place    | Note
-------+----------+-------------------------------------------
     0 | D:1      | Dittersdorf the Gargoyle Fighter began the quest for the
                  | Orb.
     0 | D:1      | Reached XP level 1. HP: 14/14 MP: 1/1
   181 | D:1      | Reached XP level 2. HP: 19/19 MP: 2/2
   429 | D:1      | Reached XP level 3. HP: 20/23 MP: 3/3
   788 | D:2      | Found a faded altar of an unknown god.
  1511 | D:3      | HP: 1/24 [something/magic dart (10)]
  1512 | D:3      | Slain by an orc wizard

Illustrated notes

Levels and vault maps discovered:
D:1:      dpeg_arrival_subterranean_lakeside_camping, layout_basic,
          serial_glass, glass_columns_c, glass_columns_a, glass_columns_a,
          glass_columns_b, glass_columns_a,
          hangedman_abyss_or_decor_lesser_grid, serial_park_tiny_1
D:2:      layout_basic, hellmonk_ecumenical_altar_arch_garden
D:3:      layout_loops_corners, uniq_crazy_yiuf_cottage, uniq_jessica,
          uniq_sigmund

Action                   || total
-------------------------++-------
Melee: Flail             ||   158
Armor: Scale mail        ||    92
       Chain mail        ||    13
Dodge: Dodged            ||    54
Block: Buckler           ||    11
       Tower shield      ||    69

Table legend: (Time is in decaauts)
 A = Elapsed time spent in this place.
 B = Non-inter-level travel time spent in this place.
 C = Inter-level travel time spent in this place.
 D = Time resting spent in this place.
 E = Time spent auto-exploring this place.
 F = Levels seen in this place.
 G = Mean time per level.
                   A        B        C        D        E       F      G
               +--------+--------+--------+--------+--------+-----+--------+
         Total |   1597 |   1570 |     27 |      0 |   1152 |   3 |  532.3 |
       Dungeon |   1597 |   1570 |     27 |      0 |   1152 |   3 |  532.3 |
               +--------+--------+--------+--------+--------+-----+--------+

Top non-repeatable levels by time:
     D:1: 791 daAuts
     D:2: 778 daAuts
     D:3: 27 daAuts
